 Dungeon Crawl Stone Soup version 0.31-a0-977-gc230f8ef24 (webtiles) character file.

Game seed: 12910791440424672152

3156 Pinwins the Spear-Bearer (level 9, -1/79 HPs)
             Began as a Hill Orc Fighter on Oct 29, 2023.
             Was an Initiate of Makhleb.
             Slain by a sixfirhy (2 damage)
             ... on level 2 of the Abyss.
             The game lasted 00:28:08 (6972 turns).

Pinwins the Spear-Bearer (Hill Orc Fighter)         Turns: 6972, Time: 00:28:11

Health: -1/79      AC: 11    Str: 23    XL:     9   Next: 93%
Magic:  9/9        EV: 14    Int:  8    God:    Makhleb [......]
Gold:   400        SH:  5    Dex: 10    Spells: 8/8 levels left

rFire   . . .        b - +8 trident of the Octopus King {venom, rElec rPois}
rCold   . . .        c - +0 buckler
rNeg    . . .        B - +0 chain mail {rPois}
rPois   +            (no helmet)
rElec   +            t - +0 cloak
rCorr   .            (no gloves)
SInv    .            (no boots)
Will    .....        (no amulet) Stlth
                     e - ring of flight
HPRegen 0.33/turn    l - +5 ring of evasion
MPRegen 0.11/turn

%: no passive effects
@: about to teleport, flying
A: no striking features
a: Renounce Religion


You were on level 2 of the Abyss.
You worshipped Makhleb.
Makhleb was noncommittal.
You visited 2 branches of the dungeon, and saw 9 of its levels.
You visited the Abyss 1 time.

You collected 400 gold pieces.

Inventory:

Hand Weapons
 b - the +8 trident of the Octopus King (weapon) {venom, rElec rPois}
   (You found it on level 6 of the Dungeon)

   rElec:     It insulates you from electricity.
   rPois:     It protects you from poison
Armour
 c - a +0 buckler (worn)
 t - a +0 cloak (worn)
 B - a +0 chain mail of poison resistance (worn)
Jewellery
 e - a ring of flight (left hand)
 h - a ring of ice
 l - a +5 ring of evasion (right hand)
Wands
 s - a wand of flame (7)
Scrolls
 a - a scroll of fear {unknown}
 f - 2 scrolls of teleportation
 g - 5 scrolls of identify {unknown}
 j - 2 scrolls of butterflies
 n - a scroll of enchant weapon {unknown}
 o - a scroll of torment {unknown}
 p - 3 scrolls of revelation {unknown}
 r - 2 scrolls of enchant armour {unknown}
 u - a scroll of fog
 w - a scroll of noise {unknown}
 y - 2 scrolls of amnesia {unknown}
Potions
 d - 3 potions of might
 i - 4 potions of lignification
 k - 4 potions of curing
 q - 2 potions of invisibility {unknown}
 v - a potion of brilliance {unknown}
 z - 2 potions of degeneration {unknown}
 A - a potion of mutation {unknown}


   Skills:
 + Level 7.3 Fighting
 - Level 7.6(10.0) Axes
 * Level 8.5(9.4) Polearms
 + Level 7.1 Armour
 + Level 2.9 Dodging
 + Level 0.8 Stealth
 + Level 5.0 Shields
 + Level 1.1 Unarmed Combat


You had 8 spell levels left.
You didn't know any spells.
Your spell library contained the following spells:

 Spells                   Type           Power      Damage    Failure   Level
 Magic Dart               Conj           0%         1d3       95%         1
 Lesser Beckoning         Tloc           0%         N/A       99%         2
 Searing Ray              Conj           0%         2d4       99%         2
 Call Canine Familiar     Summ           0%         N/A       100%        3
 Gell's Gravitas          Tloc           0%         N/A       100%        3
 Sigil of Binding         Hex            0%         N/A       100%        3
 Teleport Other           Tloc           0%         N/A       100%        3
 Tukima's Dance           Hex            0%         N/A       100%        3
 Dimensional Bullseye     Hex/Tloc       0%         N/A       100%        4
 Fulminant Prism          Conj/Hex       0%         3d5       100%        4
 Leda's Liquefaction      Hex/Erth       0%         N/A       100%        4
 Passage of Golubria      Tloc           0%         N/A       100%        4
 Yara's Violent Unravell  Hex/Tmut       0%         3d3       100%        5


Dungeon Overview and Level Annotations

Branches:
Dungeon (8/15)             Temple (1/1) D:7
   Lair: D:8-11

Altars:
Ashenzari
Cheibriados
Dithmenos
Elyvilon
Fedhas
Gozag
Kikubaaqudgha
Makhleb
Nemelex Xobeh
Okawaru
Qazlal
Ru
Sif Muna
Trog
Uskayaw
Vehumet
Wu Jian
Xom
Yredelemnul
Zin
The Shining One

Shops:
D:2 [

Annotations:
D:8 Psyche


Message History

The sixfirhy hits you. The sixfirhy shocks you. You resist.
The sixfirhy hits you. The sixfirhy shocks you. You resist.
The sixfirhy hits you. The sixfirhy shocks you. You resist.
You closely miss the sixfirhy. The sixfirhy hits you! The sixfirhy shocks you.
You resist. The sixfirhy hits you. The sixfirhy shocks you. You resist.
The sixfirhy hits you. The sixfirhy shocks you. You resist.
* * * LOW HITPOINT WARNING * * *
The sixfirhy attacks as it pursues you! The sixfirhy barely misses you.
The sixfirhy hits you.
* * * LOW HITPOINT WARNING * * *
The sixfirhy shocks you. You resist.
* * * LOW HITPOINT WARNING * * *
As you read the scroll of fog, it dissolves into smoke.
You block the sixfirhy's attack.
As you read the scroll of teleportation, it crumbles to dust.
You feel strangely unstable.
You feel the power of the Abyss delaying your translocation!
The sixfirhy closely misses you. x2; The sixfirhy barely misses you.
The sixfirhy closely misses you.
You miss the sixfirhy. The sixfirhy hits you.
* * * LOW HITPOINT WARNING * * *
The sixfirhy shocks you. You resist.
* * * LOW HITPOINT WARNING * * *
The sixfirhy closely misses you.
You miss the sixfirhy.
Your body is wracked with pain!
* * * LOW HITPOINT WARNING * * *
Unknown command.
You puncture the sixfirhy!
The sixfirhy is poisoned.
The sixfirhy is moderately wounded.
You puncture the sixfirhy!
The sixfirhy looks as sick as possible!
The sixfirhy is heavily wounded.
You block the sixfirhy's attack. The sixfirhy attacks as it pursues you!
The sixfirhy hits you but does no damage.
The sixfirhy barely misses you. The sixfirhy hits you.
* * * LOW HITPOINT WARNING * * *
The sixfirhy shocks you. You resist.
* * * LOW HITPOINT WARNING * * *
The sixfirhy hits you.
You die...

## ###### .
...#..@§###
........3§§§#
.......§§§§##
.......§§§§§# .
......§..§§##
......§.. ..#
∩..... .#.*.#.
....#....#.#.. #
.
...##....###.#..
.


You could see a sixfirhy (extremely poisoned).

Vanquished Creatures
  A worldbinder (Abyss:2)
  A smoke demon (Abyss:2)
  2 shadows (D:6)
  A steam dragon (D:6)
  A water moccasin (D:7)
  An orc warrior (D:8)
  A sky beast (D:7)
  A black bear (D:5)
  3 ogres
  5 phantoms
  A small abomination (Abyss:2)
  2 bullfrogs
  2 scorpions
  4 wights (D:7)
  2 howler monkeys
  3 hounds
  3 sleepcaps
  An iguana (D:5)
  An orc wizard (D:8)
  4 gnolls (D:5)
  8 adders
  A shadow imp (D:6)
  3 white imps
  A worm (D:4)
  2 dart slugs
  5 orcs
  4 ball pythons
  4 endoplasms
  3 giant cockroaches
  4 goblins
  5 hobgoblins
  7 jackals
  7 kobolds
  2 quokkas
  2 bats (D:3)
  4 frilled lizards
  6 rats
108 creatures vanquished.

Vanquished Creatures (others)
  2 orcs (D:6)
  A lurking horror (Abyss:2)
3 creatures vanquished.

Grand Total: 111 creatures vanquished

Notes
Turn   | Place    | Note
-------+----------+-------------------------------------------
     0 | D:1      | Pinwins the Hill Orc Fighter began the quest for the Orb.
     0 | D:1      | Reached XP level 1. HP: 19/19 MP: 1/1
   286 | D:1      | Reached XP level 2. HP: 15/27 MP: 2/2
   678 | D:2      | Identified the +4 dagger "Liwk" {flame, MP-9 Int+9}
   737 | D:2      | Reached XP level 3. HP: 29/33 MP: 3/3
   859 | D:2      | Found Xeat's Armour Emporium.
  1341 | D:3      | Reached XP level 4. HP: 27/40 MP: 4/4
  2267 | D:4      | Noticed an ogre
  2283 | D:3      | Killed an ogre
  2284 | D:3      | Reached XP level 5. HP: 13/47 MP: 5/5
  2522 | D:4      | Reached skill level 5 in Fighting
  2522 | D:4      | Reached skill level 5 in Axes
  2522 | D:4      | Reached XP level 6. HP: 56/56 MP: 6/6
  3060 | D:4      | Reached skill level 1 in Dodging
  3511 | D:5      | Entered Level 5 of the Dungeon
  3621 | D:5      | Noticed a black bear
  3633 | D:5      | Killed a black bear
  3634 | D:5      | Reached XP level 7. HP: 39/61 MP: 7/7
  4092 | D:5      | Reached skill level 5 in Armour
  4575 | D:5      | You are sucked into a shaft and drop 1 floor!
  4575 | D:6      | Found the +8 trident of the Octopus King {venom, rElec
                  | rPois}
  4579 | D:6      | Noticed a steam dragon
  4605 | D:6      | Killed a steam dragon
  4606 | D:6      | Reached XP level 8. HP: 29/70 MP: 8/8
  4798 | D:6      | Noticed a shadow
  4827 | D:6      | Killed a shadow
  4828 | D:6      | Reached skill level 1 in Polearms
  5072 | D:6      | Reached skill level 2 in Polearms
  5248 | D:6      | Noticed a shadow
  5265 | D:6      | HP: 2/71 [shadow (3)]
  5266 | D:6      | Killed a shadow
  5267 | D:6      | Reached skill level 3 in Polearms
  5635 | D:7      | Reached skill level 4 in Polearms
  5649 | D:7      | Reached XP level 9. HP: 71/78 MP: 9/9
  5672 | D:7      | Reached skill level 5 in Polearms
  5706 | D:7      | Reached skill level 6 in Polearms
  6344 | D:7      | Found a staircase to the Ecumenical Temple.
  6418 | Temple   | Entered the Ecumenical Temple
  6605 | Temple   | Became a worshipper of Makhleb the Destroyer
  6723 | D:8      | Noticed Psyche
  6753 | D:8      | Reached skill level 7 in Polearms
  6759 | Abyss:2  | Cast into level 2 of the Abyss (Psyche)
  6772 | Abyss:2  | Noticed a smoke demon
  6781 | Abyss:2  | Noticed a worldbinder
  6784 | Abyss:2  | Noticed a manticore
  6785 | Abyss:2  | Killed a smoke demon
  6793 | Abyss:2  | Noticed a manticore
  6795 | Abyss:2  | Killed a worldbinder
  6796 | Abyss:2  | Reached skill level 8 in Polearms
  6796 | Abyss:2  | Reached skill level 5 in Shields
  6796 | Abyss:2  | Reached skill level 1 in Unarmed Combat
  6956 | Abyss:2  | Noticed a sixfirhy
  6972 | Abyss:2  | HP: 1/79 [sixfirhy (3)]
  6972 | Abyss:2  | Slain by a sixfirhy

Illustrated notes

Levels and vault maps discovered:
D:1:      scummos_arrival_checkerplants, layout_rooms
D:2:      layout_basic, serial_shops, shop, minmay_heptomino_o4
D:3:      layout_loops_corners, minmay_quantized
D:4:      layout_basic
D:5:      layout_cave_pods
D:6:      layout_cave_pools
D:7:      layout_basic, minmay_temple_entry_slanted, nicolae_eternal_life
D:8:      layout_rooms, overflow_temple_1_default, uniq_psyche
Temple:   mainiacjoe_temple_starburst
Abyss:2:  base: Temple, guppyfry_abyss_exit_glass_guarded

Skill      XL: |  1  2  3  4  5  6  7  8  9 |
---------------+----------------------------+-----
Fighting       | 4 5 6 7 |  7.3
Axes           | 3 4 5 6 7 |  7.6
Armour         | 4 5 6 7 |  7.1
Shields        | 4 5 |  5.0
Dodging        | 1 2 |  2.9
Polearms       | 4 8 |  8.5
Unarmed Combat | 1 |  1.1
Stealth        | |  0.8

Action                     |  1- 3 |  4- 6 |  7- 9 || total
---------------------------+-------+-------+-------++-------
  Melee: War axe           |    85 |   101 |    73 ||   259
         Trident           |       |       |   118 ||   118
         Unarmed           |       |       |    22 ||    22
    Use: Potion            |       |     1 |     8 ||     9
         Scroll            |       |       |     5 ||     5
 Armour: Scale mail        |    68 |    82 |    22 ||   172
         Skin              |       |     7 |    22 ||    29
         Chain mail        |       |       |   122 ||   122
  Dodge: Dodged            |    63 |    50 |   145 ||   258
  Block: Buckler           |    25 |    22 |    38 ||    85

Table legend: (Time is in decaauts)
 A = Elapsed time spent in this place.
 B = Non-inter-level travel time spent in this place.
 C = Inter-level travel time spent in this place.
 D = Time resting spent in this place.
 E = Time spent auto-exploring this place.
 F = Levels seen in this place.
 G = Mean time per level.
                   A        B        C        D        E       F      G
               +--------+--------+--------+--------+--------+-----+--------+
         Total |   7043 |   6569 |    474 |    931 |   4198 |  10 |  704.3 |
       Dungeon |   6586 |   6217 |    369 |    685 |   4198 |   8 |  823.2 |
        Temple |    246 |    141 |    105 |    100 |      0 |   1 |  246.0 |
         Abyss |    209 |    209 |      0 |    146 |      0 |   1 |  209.0 |
               +--------+--------+--------+--------+--------+-----+--------+

Top non-repeatable levels by time:
     D:3: 1323 daAuts
     D:4: 1099 daAuts
     D:5: 1074 daAuts
     D:6: 1053 daAuts
     D:7: 857 daAuts
     D:1: 606 daAuts
     D:2: 543 daAuts
  Temple: 246 daAuts
 Abyss:2: 209 daAuts
     D:8: 28 daAuts
